Map: Rhoskallian LE

Players

Wiseguy - Winner!

  • Race: Zerg Zerg

Divus - Winner!

  • Race: Zerg Zerg
  • League: Diamond

Massa

  • Race: Terran Terran
  • League: Platinum

qqq

  • Race: Zerg Zerg

VOD

Have the link to the VOD?

Description

Time

  • Played on: April 21, 2021, 12:44 p.m.
  • Length: 17:42
Show
View Real Time Build Order
Export as new Build Order

Wiseguy Zerg - Winner!

Build Orders: Pool First 

Get SALT Encoding   

  12  0:00  Drone  
  13  0:08  Drone  
  14  0:22  Overlord  
  14  0:41  Drone x3  
  17  0:52  Drone  
  18  0:58  Spawning Pool  
  18  1:02  Drone  
  18  1:19  Hatchery  
  18  1:25  Drone x2, Extractor  
  18  1:40  Drone  
  18  1:45  Queen  
  18  1:46  Overlord  
  21  2:17  Drone x2  
  21  2:22  Queen  
  23  2:28  Extractor  
  24  2:41  Queen  
  24  2:43  Overlord x2  
  26  2:44  Drone x2  
  26  2:45  Drone  
  26  2:49  Evolution Chamber  
  28  2:51  Evolution Chamber  
  27  3:12  Metabolic Boost  
  27  3:15  Drone x4  
  27  3:16  Drone  
  32  3:20  Zerg Melee Weapons Level 1  
  32  3:35  Spore Crawler  
  32  3:40  Spore Crawler  
  30  3:42  Drone x4  
  34  4:04  Zerg Ground Armor Level 1  
  34  4:07  Lair  
  34  4:12  Drone x2  
  34  4:13  Drone x3  
  34  4:14  Zergling x2  
  34  4:16  Zergling x2  
  41  4:25  Baneling Nest  
  41  4:28  Extractor  
  39  4:44  Extractor  
  38  4:46  Drone x2  
  38  4:47  Drone x4  
  44  5:08  Centrifical Hooks  
  44  5:14  Drone x4  
  44  5:15  Drone x4  
  52  5:25  Overlord x2  
  52  5:26  Overlord x2  
  52  5:45  Zerg Melee Weapons Level 2  
  52  5:50  Overseer  
  52  5:54  Pneumatized Carapace  
  52  5:56  Infestation Pit  
  51  6:10  Zerg Ground Armor Level 2  
  51  6:16  Hatchery  
  50  6:25  Zergling x22  
  58  6:26  Zergling x10  
  65  6:52  Spore Crawler  
  64  6:54  Spore Crawler  
  64  6:56  Queen x2  
  64  6:57  Spore Crawler  
  64  6:58  Spore Crawler  
  65  7:02  Baneling x5  
  65  7:03  Baneling x6  
  65  7:04  Baneling  
  64  7:12  Spore Crawler  
  49  7:31  Zergling x18  
  49  7:32  Zergling x12  
  59  8:10  Zergling x2  
  59  8:11  Zergling x12  
  59  8:42  Queen  
  59  8:43  Queen  
  59  8:45  Baneling x4  
  59  8:46  Baneling x2  
  65  9:04  Overlord x5  
  65  9:09  Hive  
  62  9:47  Overseer x2  
  62  9:51  Zergling x2  
  62  9:52  Zergling x46  
  86  9:53  Zergling x2  
  87  10:18  Drone  
  87  10:19  Drone x8  
  96  10:26  Zerg Melee Weapons Level 3, Zerg Ground Armor Level 3  
  96  10:28  Ultralisk Cavern  
  96  10:30  Baneling x3  
  96  10:31  Baneling x7  
  96  10:32  Baneling x3  
  95  10:36  Overlord  
  95  10:37  Overlord x3  
  60  11:46  Zergling x2  
  60  11:47  Zergling x34  
  64  11:51  Overseer x3  
  64  11:53  Chitinous Plating  
  75  11:57  Extractor  
  75  11:59  Extractor  
  73  12:06  Zergling x2, Ultralisk x4  
  73  12:07  Zergling x18  
  107  12:09  Baneling x6  
  107  12:10  Baneling x5  
  107  12:25  Adrenal Glands  
  107  12:27  Drone  
  107  12:28  Drone x5  
  113  12:38  Drone x6  
  119  13:12  Anabolic Synthesis  
  119  13:17  Hatchery  
  108  13:59  Zergling x2, Ultralisk x2  
  119  14:05  Overseer x2  
  114  14:41  Zergling x2  
  114  14:42  Zergling x16  
  109  15:06  Overlord x5  
  91  15:47  Ultralisk x5  
  91  15:49  Zergling x2, Ultralisk x2  
  125  16:06  Zergling x6  
  125  16:07  Zergling x2  
  123  16:19  Zergling x2  
  123  16:20  Zergling x8  
  123  16:22  Overlord x4  
  123  16:23  Overlord  
  127  16:46  Overseer x3  
  127  16:47  Overseer  
  123  16:51  Zergling x4  
  123  16:52  Zergling x24  
Show
View Real Time Build Order
Export as new Build Order

Divus Zerg - Winner!

Build Orders: Hatch First 

Get SALT Encoding   

  12  0:03  Drone  
  13  0:13  Overlord  
  13  0:18  Drone  
  14  0:31  Drone x2  
  17  0:35  Drone  
  17  0:53  Hatchery  
  17  0:56  Drone  
  17  1:00  Extractor  
  17  1:01  Drone  
  17  1:17  Spawning Pool  
  16  1:21  Drone  
  16  1:23  Drone  
  18  1:29  Drone  
  19  1:54  Overlord  
  19  2:07  Drone  
  19  2:08  Drone x2  
  22  2:11  Queen  
  22  2:12  Metabolic Boost  
  22  2:15  Queen  
  26  2:23  Drone x2  
  26  2:29  Overlord  
  28  2:38  Roach Warren  
  27  2:57  Zergling x2  
  27  2:58  Zergling x8  
  30  2:59  Zergling x2  
  33  3:10  Overlord  
  33  3:19  Roach  
  35  3:34  Spore Crawler  
  35  3:35  Drone  
  35  3:37  Lair  
  35  3:38  Roach  
  35  3:39  Roach x3  
  43  4:10  Overlord x4  
  43  4:30  Roach  
  43  4:31  Hatchery, Roach x3  
  50  4:46  Drone  
  50  4:47  Drone x5  
  50  4:49  Drone  
  57  4:59  Ravager x2  
  59  5:03  Drone x3  
  59  5:04  Drone  
  64  5:07  Drone  
  64  5:17  Drone  
  64  5:18  Drone x2  
  61  5:43  Drone  
  61  5:44  Drone x8  
  70  5:52  Drone  
  70  5:54  Spore Crawler  
  70  5:56  Extractor x2  
  68  6:01  Extractor  
  68  6:03  Drone  
  69  6:04  Drone x3  
  69  6:06  Queen  
  69  6:09  Queen  
  75  6:19  Hydralisk Den  
  75  6:25  Drone x4  
  78  6:27  Evolution Chamber  
  78  6:28  Drone x3, Evolution Chamber  
  78  6:29  Drone x2  
  78  6:30  Drone  
  82  6:37  Spore Crawler  
  81  6:55  Queen, Grooved Spines, Spore Crawler  
  81  6:57  Spore Crawler  
  81  6:58  Overlord x4  
  81  7:00  Zerg Missile Weapons Level 1  
  81  7:01  Zerg Ground Armor Level 1  
  81  7:10  Spore Crawler  
  81  7:11  Spore Crawler  
  81  7:15  Spore Crawler  
  68  7:35  Hydralisk x8  
  73  7:55  Drone  
  64  8:06  Drone  
  64  8:07  Drone x10  
  71  8:19  Drone x3  
  74  8:24  Muscular Augments  
  74  8:29  Extractor  
  74  8:30  Extractor  
  74  8:32  Queen  
  74  8:34  Drone  
  74  8:35  Drone x10  
  74  8:36  Spore Crawler x2  
  74  8:41  Spine Crawler  
  82  8:47  Hydralisk  
  82  8:48  Hydralisk x2  
  88  9:01  Roach x4  
  96  9:04  Drone x2  
  98  9:12  Spore Crawler  
  98  9:14  Zerg Missile Weapons Level 2  
  98  9:15  Zerg Ground Armor Level 2  
  98  9:16  Overlord x4  
  97  9:37  Hydralisk x4  
  97  9:38  Hydralisk x6  
  111  9:40  Roach  
  119  9:47  Infestation Pit  
  118  9:58  Pneumatized Carapace  
  118  9:59  Drone  
  119  10:02  Overseer x3  
  119  10:04  Overseer  
  119  10:09  Drone  
  120  10:15  Queen  
  120  10:18  Hydralisk x4  
  130  10:29  Pathogen Glands  
  130  10:54  Hatchery  
  127  11:09  Hydralisk  
  127  11:10  Hydralisk  
  117  11:43  Overseer x3  
  117  11:46  Overlord x4  
  117  11:47  Overlord x2  
  117  11:48  Overseer x3  
  117  12:06  Roach  
  117  12:07  Overseer x2  
  119  12:10  Roach  
  119  12:11  Roach x15  
  151  12:24  Overlord  
  151  12:25  Overlord x3  
  151  12:27  Overlord x3  
  151  12:28  Overlord x2  
  139  13:07  Hydralisk x11  
  139  13:08  Hydralisk x6  
  169  13:13  Hydralisk  
  169  13:14  Hydralisk x10  
  169  13:15  Hydralisk  
  193  13:25  Drone, Spire  
  144  14:01  Extractor  
  143  14:03  Hydralisk  
  143  14:04  Hydralisk x12  
  143  14:06  Extractor  
  166  14:19  Hydralisk  
  166  14:20  Hydralisk x3  
  149  14:52  Spire  
  144  14:57  Hydralisk x4  
  144  14:58  Hydralisk x6  
  156  15:24  Drone x2  
  156  15:25  Drone x3  
  161  15:38  Drone  
  162  15:51  Spore Crawler  
  161  15:59  Overlord  
  161  16:06  Corruptor x9  
  169  16:40  Corruptor x6  
  169  16:41  Corruptor  
  160  17:13  Corruptor  
Show
View Real Time Build Order
Export as new Build Order

Massa Terran 

Build Orders:  

Get SALT Encoding   

  12  0:00  SCV  
  13  0:12  SCV  
  14  0:23  Supply Depot  
  14  0:24  SCV  
  15  0:45  SCV  
  15  0:46  Barracks  
  16  0:51  Refinery  
  16  0:57  SCV  
  17  1:09  Refinery, SCV  
  18  1:21  SCV  
  19  1:35  Marine  
  19  1:38  Supply Depot  
  19  1:39  Orbital Command  
  20  1:54  Factory  
  20  1:59  Marine  
  21  2:05  SCV  
  22  2:22  Supply Depot  
  22  2:24  Marine  
  23  2:43  Starport  
  23  2:44  Marine  
  23  2:48  Hellion  
  26  2:53  Supply Depot  
  26  2:57  SCV  
  27  3:09  SCV  
  27  3:11  Hellion  
  30  3:19  Barracks Reactor  
  33  3:30  SCV  
  34  3:40  Command Center  
  34  3:47  SCV  
  32  3:50  Hellion  
  34  3:56  Marine x2  
  34  4:00  Barracks  
  34  4:02  SCV  
  37  4:13  Marine x2  
  39  4:26  Widow Mine  
  39  4:27  SCV  
  42  4:31  Marine x2  
  42  4:36  Engineering Bay  
  44  4:39  SCV  
  45  4:47  Widow Mine  
  45  4:48  Barracks Tech Lab  
  45  4:52  SCV, Marine x2  
  50  4:54  Starport  
  50  5:01  Orbital Command  
  50  5:04  Supply Depot  
  50  5:16  Stimpack  
  50  5:18  Marauder, Marine  
  53  5:23  Marine  
  54  5:35  Viking  
  56  5:36  Marine  
  56  5:39  Marauder  
  56  5:41  Starport Tech Lab  
  59  5:44  SCV x2  
  61  6:03  Command Center  
  61  6:05  Viking  
  61  6:06  Barracks  
  63  6:20  Banshee  
  66  6:26  Terran Infantry Weapons Level 1  
  66  6:27  Missile Turret  
  66  6:33  Armory, Missile Turret  
  66  6:53  Marauder  
  68  6:54  Barracks Reactor, Marine x2  
  68  6:56  Missile Turret  
  68  6:58  Combat Shield  
  70  7:14  Marine x2  
  70  7:15  Marauder  
  63  7:35  Viking x2  
  53  8:05  Medivac x2  
  55  8:07  Marauder  
  55  8:08  Marine x4  
  63  8:25  Marine  
  63  8:26  Marine x3  
  59  8:29  Marauder  
  59  8:35  Medivac  
  61  8:42  SCV  
  61  8:43  SCV, Marine  
  61  8:44  Marine x3  
  67  8:50  Marauder  
  67  8:55  SCV x2  
  71  9:01  Medivac  
  73  9:03  Marine  
  73  9:04  Marine x3  
  73  9:07  SCV x2  
  79  9:12  Marauder, Planetary Fortress  
  81  9:19  SCV x2  
  81  9:21  Marine x2  
  85  9:25  Terran Infantry Weapons Level 2  
  85  9:26  Terran Vehicle And Ship Armor Level 1  
  85  9:32  Engineering Bay, Missile Turret  
  85  9:33  Marauder  
  85  9:34  Supply Depot  
  85  9:35  Supply Depot  
  85  9:39  Supply Depot  
  85  9:54  Missile Turret  
  85  9:55  Marauder  
  85  9:58  Marine  
  85  9:59  Marine x3  
  88  10:03  SCV x3  
  91  10:15  SCV x2  
  91  10:16  Marauder, Marine x4  
  91  10:18  Barracks  
  91  10:20  Barracks  
  91  10:21  Medivac  
  101  10:34  Factory Tech Lab, Marine x2  
  103  10:37  Marauder  
  105  10:54  Marine  
  105  10:55  Marine x3  
  108  11:12  Marine  
  108  11:16  Marauder  
  108  11:17  Siege Tank  
  101  11:28  Marine x5  
  101  11:30  Marine  
  86  11:37  Marauder  
  82  11:44  Medivac x2  
  82  11:45  Marine  
  82  11:46  Marine x4  
  91  11:48  Marine  
  91  11:49  Siege Tank  
  95  11:57  SCV x2  
  95  11:58  SCV  
  95  11:59  Marauder  
  95  12:00  Refinery  
  95  12:01  Refinery  
  100  12:02  Refinery x2  
  100  12:03  Marine  
  101  12:09  SCV  
  102  12:18  Terran Infantry Armor Level 1  
  102  12:20  Marauder  
  102  12:21  Siege Tank  
  107  12:38  Command Center  
  107  12:41  Command Center  
  107  12:42  Marauder  
  109  12:50  Supply Depot  
  109  12:51  Terran Infantry Weapons Level 3  
  109  12:52  Supply Depot  
  109  12:53  Terran Vehicle And Ship Armor Level 2  
  109  12:54  Supply Depot  
  109  12:55  Starport Reactor  
  109  12:56  Supply Depot  
  109  13:12  SCV x3, Marauder, Siege Tank  
  117  13:15  Supply Depot  
  117  13:24  SCV  
  80  13:56  Barracks Tech Lab, Marauder  
  80  13:57  Barracks Reactor, Marine x3  
  80  13:58  Marine  
  84  14:12  SCV x3  
  84  14:15  Marine x3  
  84  14:16  Marine  
  91  14:17  Marauder  
  91  14:22  Marauder  
  91  14:23  Siege Tank  
  91  14:24  SCV x2  
  100  14:32  Marine  
  100  14:33  Marine x3  
  91  14:38  Marauder  
  91  14:42  Planetary Fortress  
  91  14:43  Marauder  
  90  14:55  Concussive Shells, Siege Tank  
  95  15:00  Marauder  
  95  15:05  Marauder  
  97  15:08  Liberator x3  
  103  15:27  Siege Tank  
  101  15:33  Marauder x2  
  101  15:34  Marine x6  
  104  15:41  Factory x2  
  104  15:45  Factory  
  104  15:47  Planetary Fortress  
  104  15:48  Barracks  
  104  15:50  Liberator  
  104  15:51  Marine, Liberator  
  104  15:52  Marine x5  
  104  15:54  SCV, Marauder x2  
  104  15:55  SCV x3  
  124  15:59  Refinery  
  124  16:00  Refinery  
  124  16:07  SCV x3  
  127  16:16  Marauder x2  
  131  16:31  Factory Tech Lab x3  
  131  16:37  Marauder x2  
  121  17:17  Command Center  
Show
View Real Time Build Order
Export as new Build Order

qqq Zerg 

Build Orders: Hatch First, Brood Lord Corruptor, Lurkers 

Get SALT Encoding   

  12  0:00  Drone  
  13  0:12  Drone  
  14  0:22  Overlord  
  14  0:48  Hatchery  
  13  0:51  Drone  
  14  1:04  Drone x3  
  17  1:22  Spawning Pool  
  17  1:25  Extractor  
  15  1:29  Drone  
  16  1:33  Drone  
  16  1:37  Drone  
  18  1:47  Drone  
  19  2:05  Drone x2  
  21  2:11  Queen x2  
  26  2:15  Drone  
  26  2:18  Drone  
  27  2:25  Overlord  
  27  2:32  Metabolic Boost  
  27  2:45  Drone  
  27  2:46  Drone  
  27  2:47  Drone  
  30  2:56  Drone x3  
  33  3:03  Lair  
  33  3:08  Drone x3  
  33  3:10  Extractor  
  35  3:14  Drone  
  36  3:20  Overlord  
  36  3:21  Overlord  
  36  3:31  Overlord  
  36  3:35  Overlord  
  36  3:38  Queen  
  36  3:39  Overlord  
  38  4:07  Drone x7  
  45  4:10  Spire  
  45  4:15  Extractor  
  43  4:19  Zergling x4  
  45  4:31  Queen  
  47  4:40  Drone x2  
  47  4:41  Drone x2  
  51  4:48  Extractor  
  50  4:55  Drone  
  50  4:56  Drone x2  
  50  4:57  Drone x3  
  56  5:07  Spine Crawler  
  55  5:14  Spine Crawler  
  54  5:22  Drone x2, Overlord x2  
  54  5:23  Spine Crawler  
  54  5:27  Queen  
  57  5:37  Mutalisk x6  
  57  5:38  Mutalisk  
  70  5:47  Mutalisk  
  70  5:49  Zergling x4  
  74  5:57  Zerg Flyer Weapons Level 1  
  74  6:26  Mutalisk x2  
  74  6:29  Infestation Pit  
  76  6:57  Mutalisk x3  
  82  7:06  Mutalisk  
  83  7:20  Hatchery  
  83  7:21  Hatchery  
  78  7:32  Mutalisk x3  
  78  7:34  Overlord x3  
  78  7:35  Overlord x8  
  84  7:48  Mutalisk  
  84  7:49  Mutalisk  
  72  8:13  Mutalisk x2  
  76  8:26  Hive  
  69  8:51  Drone x4  
  69  8:52  Drone x4  
  77  9:02  Hydralisk Den  
  76  9:03  Mutalisk x2  
  76  9:04  Hatchery  
  76  9:05  Zergling x2  
  76  9:06  Drone  
  81  9:13  Overseer  
  81  9:14  Overseer  
  81  9:21  Spine Crawler  
  81  9:22  Spine Crawler  
  79  9:25  Spine Crawler  
  78  9:34  Queen  
  78  9:36  Drone x3  
  78  9:37  Drone x5  
  88  9:43  Lurker Den  
  87  9:49  Greater Spire, Corruptor  
  87  9:50  Corruptor  
  91  9:56  Drone x5  
  91  9:57  Spine Crawler  
  91  9:59  Extractor  
  94  10:01  Extractor  
  93  10:09  Queen  
  95  10:19  Queen  
  95  10:20  Drone  
  95  10:21  Corruptor x2  
  98  10:22  Hatchery  
  98  10:25  Hydralisk  
  98  10:26  Hydralisk  
  105  10:29  Hydralisk  
  105  10:35  Hydralisk  
  107  10:37  Hydralisk  
  107  10:38  Drone x2  
  115  10:50  Drone  
  115  10:51  Drone x2  
  115  10:55  Lurker x2  
  75  11:43  Drone x5  
  75  11:44  Drone x2  
  72  11:54  Extractor  
  72  11:55  Extractor  
  72  11:59  Brood Lord x3  
  72  12:00  Brood Lord, Corruptor x4  
  86  12:03  Drone x4  
  90  12:09  Hatchery  
  90  12:12  Drone x4  
  93  12:21  Drone x4, Hydralisk  
  99  12:24  Corruptor  
  101  12:30  Spine Crawler x2  
  101  12:31  Spine Crawler  
  101  12:36  Drone x6  
  104  12:37  Drone  
  104  12:42  Corruptor  
  107  12:52  Queen  
  107  12:53  Corruptor  
  111  13:04  Brood Lord x2  
  115  13:05  Hydralisk  
  115  13:11  Drone x4  
  121  13:29  Brood Lord x3  
  121  13:31  Drone x2, Zergling x6  
  129  13:42  Hydralisk x2  
  129  13:46  Lurker  
  129  13:47  Lurker  
  132  13:57  Queen  
  132  13:59  Spine Crawler  
  132  14:00  Spine Crawler  
  132  14:03  Brood Lord  
  129  14:33  Queen  
  119  14:42  Hydralisk x4  
  119  14:43  Hydralisk x2  
  125  14:48  Zergling x2  
  125  14:49  Zergling x8, Corruptor x4  
  117  14:54  Mutalisk  
  117  14:57  Drone, Hydralisk  
  108  15:07  Corruptor  
  108  15:09  Queen  
  112  15:18  Drone x2  
  112  15:19  Drone x5  
  112  15:20  Drone  
  120  15:32  Lurker x2  
  115  15:39  Zerg Flyer Armor Level 1  
  110  15:49  Drone x6  
  116  15:53  Extractor x2  
  108  16:09  Hydralisk x4  
  116  16:12  Drone  
  117  16:33  Spine Crawler  
  117  16:34  Spine Crawler  
  117  16:35  Spine Crawler  
  112  16:56  Hatchery  
  112  16:57  Hatchery  
  104  17:12  Corruptor  
Tags
 
Add a new tag
Caveats
  • Supply blocks, unpowered buildings, or Contaminate may cause inaccurate times.
  • Supply counts are checked every 10 seconds.